Map: Tokamak LE

Players

LiquidMaNa (MaNa) - Winner!

  • Race: Protoss Protoss
  • League: Grandmaster
  • Spawn Location: 7:00

VITRyung (Ryung)

  • Race: Terran Terran
  • League: Master
  • Spawn Location: 1:00

Event: HomeStory Cup XXVII

VOD

Have the link to the VOD?

Description

Time

  • Played on: June 27, 2025, 9:23 a.m.
  • Length: 12:46

All games in this series

Show
View Real Time Build Order
Export as new Build Order

LiquidMaNa Protoss - Winner!

Build Orders: 1 Gate Expand, Phoenix Opening, Blink Stalkers 

Get SALT Encoding   

  12  0:00  Probe  
  13  0:12  Probe  
  14  0:18  Pylon  
  14  0:24  Probe  
  15  0:33  Probe  
  15  0:36  Gateway  
  15  0:41  Probe  
  16  0:46  Assimilator  
  17  0:51  Probe  
  18  0:59  Probe  
  19  1:07  Probe  
  20  1:23  Nexus  
  20  1:33  Cybernetics Core  
  20  1:36  Probe  
  21  1:42  Assimilator  
  21  1:48  Probe  
  21  1:51  Pylon  
  22  1:58  Stalker  
  22  2:00  Probe  
  23  2:12  Probe  
  26  2:18  Warp Gate  
  25  2:24  Probe  
  25  2:26  Phoenix, Sentry  
  28  2:35  Probe  
  28  2:36  Probe  
  30  2:42  Twilight Council  
  30  2:48  Probe x2  
  32  2:52  Stalker  
  34  3:00  Probe x2  
  34  3:05  Blink  
  36  3:06  Gateway  
  36  3:08  Phoenix  
  36  3:12  Probe  
  37  3:13  Probe  
  37  3:16  Gateway  
  38  3:24  Probe  
  38  3:25  Probe  
  40  3:28  Stalker  
  42  3:36  Probe  
  42  3:37  Probe  
  44  3:47  Pylon  
  45  3:48  Probe  
  45  3:50  Probe  
  45  3:51  Pylon  
  45  3:55  Assimilator  
  46  4:05  Probe x2  
  46  4:07  Gateway, Stalker x2  
  52  4:11  Stalker  
  54  4:19  Phoenix, Probe x2  
  56  4:25  Pylon  
  56  4:37  Probe  
  56  4:38  Stalker x2  
  61  4:41  Stalker  
  62  4:50  Pylon  
  64  5:03  Stalker x3  
  64  5:04  Stalker  
  70  5:10  Robotics Facility  
  70  5:12  Pylon  
  66  5:29  Stalker x4  
  70  5:38  Probe  
  69  5:43  Probe  
  68  6:01  Warp Prism  
  58  6:04  Stalker x4  
  58  6:05  Probe  
  58  6:06  Probe  
  68  6:16  Nexus  
  68  6:18  Probe x2  
  72  6:19  Charge  
  72  6:27  Adept  
  72  6:30  Probe x2, Assimilator  
  76  6:36  Robotics Bay  
  76  6:42  Probe x2  
  66  6:54  Probe x2  
  66  6:58  Immortal  
  68  7:04  Zealot x4  
  68  7:06  Probe x2  
  78  7:12  Pylon  
  78  7:13  Extended Thermal Lance  
  78  7:14  Pylon  
  82  7:18  Pylon, Probe x2  
  84  7:25  Colossus  
  84  7:30  Probe  
  85  7:51  Probe  
  85  7:52  Probe, Zealot x4  
  85  7:56  Pylon  
  95  7:59  Forge, Probe  
  95  8:03  Probe  
  97  8:06  Gateway  
  97  8:08  Gateway  
  97  8:17  Sentry x2  
  97  8:18  Probe, Zealot  
  108  8:21  Probe  
  108  8:22  Probe  
  108  8:23  Colossus  
  108  8:24  Protoss Ground Weapons Level 1  
  108  8:25  Pylon  
  110  8:35  Stalker  
  110  8:40  Stalker  
  110  8:41  Stalker, Zealot  
  118  8:46  Shield Battery  
  120  8:55  Gateway, Probe x2  
  122  8:57  Gateway  
  122  8:59  Nexus  
  122  9:01  Stalker  
  122  9:02  Stalker  
  126  9:10  Colossus  
  126  9:17  Pylon  
  132  9:26  Shield Battery  
  132  9:30  Pylon  
  132  9:31  Pylon  
  132  9:38  Zealot x4  
  136  9:58  Colossus  
  124  10:00  Zealot x7  
  124  10:01  Stalker  
  128  10:10  Probe  
  121  10:17  Probe x3  
  121  10:20  Stalker x7  
  114  10:42  Zealot  
  114  10:43  Zealot x6  
  126  10:52  Colossus  
  126  11:06  Zealot  
  126  11:07  Zealot x7  
  126  11:09  Probe x2  
  134  11:29  Stalker x4  
  134  11:30  Stalker x4  
  134  11:45  Colossus  
  138  11:52  Zealot x2  
  138  11:53  Zealot x6  
  146  12:15  Stalker x8  
  150  12:21  Probe x2  
  132  12:39  Zealot x8  
Show
View Real Time Build Order
Export as new Build Order

VITRyung Terran 

Build Orders:  

Get SALT Encoding   

  12  0:00  SCV  
  13  0:12  SCV  
  14  0:17  Supply Depot  
  14  0:24  SCV  
  15  0:38  SCV  
  15  0:40  Barracks  
  16  0:43  Refinery  
  16  0:50  SCV  
  17  1:02  SCV  
  18  1:15  SCV  
  19  1:27  Orbital Command  
  19  1:40  Marine  
  19  1:41  Command Center  
  20  1:54  Factory  
  20  1:55  SCV  
  21  2:01  Refinery  
  21  2:04  Barracks Reactor  
  21  2:07  SCV  
  22  2:13  Supply Depot  
  22  2:19  SCV  
  23  2:34  SCV  
  24  2:39  Starport  
  24  2:46  Hellion  
  24  2:47  Hellion, SCV  
  24  2:50  Marine  
  30  2:55  Orbital Command  
  30  2:59  SCV  
  34  3:13  SCV  
  34  3:15  Widow Mine x2  
  34  3:16  Medivac  
  37  3:21  SCV  
  37  3:25  SCV  
  39  3:28  Supply Depot  
  39  3:33  SCV  
  40  3:36  Widow Mine  
  40  3:37  SCV  
  40  3:38  Barracks Tech Lab  
  40  3:40  Widow Mine  
  45  3:45  SCV  
  45  3:47  Supply Depot  
  46  3:48  Starport Tech Lab  
  46  3:49  SCV  
  46  3:54  Barracks  
  47  4:05  SCV x2  
  47  4:07  Raven  
  51  4:10  Supply Depot  
  51  4:16  Siege Tank  
  55  4:17  SCV x2  
  55  4:21  Marine  
  55  4:22  Marine  
  58  4:26  Supply Depot  
  58  4:29  SCV x2  
  58  4:39  Marine x2  
  58  4:41  SCV x2  
  58  4:43  Bunker, Barracks  
  60  4:48  Siege Tank  
  60  4:49  Refinery  
  60  4:50  Marine  
  60  4:52  Bunker  
  64  4:57  Marine x2, SCV x2  
  68  5:08  Marine  
  68  5:09  SCV x2  
  68  5:13  Supply Depot  
  71  5:15  Marine  
  71  5:20  Siege Tank  
  71  5:21  SCV x2  
  76  5:26  Marine  
  70  5:33  Marine, SCV x2  
  67  5:44  Marine  
  67  5:45  SCV x2  
  69  5:50  Marine  
  69  5:52  Siege Tank  
  68  5:57  SCV x2  
  64  6:09  SCV x2  
  65  6:12  Marine  
  65  6:13  Marine  
  65  6:17  Refinery  
  67  6:20  Engineering Bay  
  67  6:21  SCV x2  
  69  6:31  Barracks Tech Lab, Barracks Reactor  
  69  6:33  Starport Reactor, SCV  
  69  6:34  SCV  
  69  6:35  Command Center  
  71  6:42  Stimpack  
  71  6:43  Supply Depot  
  71  6:44  Supply Depot  
  71  6:45  SCV  
  71  6:46  SCV  
  70  6:56  Marauder x2  
  70  6:58  SCV x2  
  70  6:59  Bunker  
  73  7:02  Factory Reactor, Combat Shield  
  73  7:09  Marine  
  73  7:10  Marine, SCV x2  
  73  7:13  Barracks  
  77  7:15  Barracks, Terran Infantry Weapons Level 1  
  77  7:18  Marauder, Supply Depot  
  77  7:19  Supply Depot  
  77  7:21  Marauder  
  81  7:25  Medivac  
  82  7:32  Medivac  
  82  7:34  SCV x2  
  86  7:40  Marine  
  86  7:41  Marauder, Marine  
  86  7:42  Marauder  
  90  7:46  SCV x2  
  89  7:52  Widow Mine x2  
  89  7:56  Orbital Command  
  93  7:58  Medivac  
  93  8:04  Viking  
  97  8:07  Marauder x2, Marine x2  
  97  8:10  SCV x2  
  104  8:14  Widow Mine x2  
  108  8:22  SCV  
  108  8:23  SCV  
  110  8:27  Orbital Command, Barracks Tech Lab  
  110  8:28  Marauder x2, Barracks Reactor  
  110  8:31  Missile Turret  
  114  8:36  Marine x2  
  115  8:41  Viking, Widow Mine x2  
  115  8:42  SCV x2  
  123  8:49  Marauder  
  123  8:50  Supply Depot  
  125  8:59  Supply Depot, SCV x2  
  125  9:00  Marauder  
  129  9:08  SCV  
  129  9:09  Engineering Bay  
  129  9:10  Terran Infantry Armor Level 1  
  129  9:11  Refinery x2  
  129  9:12  SCV x2, Armory  
  129  9:15  Missile Turret  
  131  9:23  Bunker, Supply Depot x2  
  131  9:27  Viking  
  131  9:28  Viking  
  135  9:32  Marauder x2  
  135  9:33  Marauder  
  135  9:37  SCV x2  
  143  9:42  Widow Mine x2  
  143  9:58  Marauder x2  
  134  10:01  SCV x3  
  134  10:02  Marauder  
  134  10:03  Marine x2  
  133  10:10  Widow Mine x2  
  133  10:11  Viking x2  
  132  10:14  Terran Infantry Weapons Level 2  
  132  10:18  Concussive Shells  
  132  10:19  Marauder  
  132  10:22  Bunker  
  132  10:23  Command Center  
  132  10:28  Marine x2  
  131  10:29  Marine x2  
  131  10:30  Marauder  
  131  10:31  Marauder  
  124  10:41  Viking  
  124  10:42  Viking  
  124  10:44  Marauder  
  122  10:52  Marauder x2  
  124  11:00  Marine x2  
  124  11:01  Marine x2  
  125  11:04  Marine, Widow Mine  
  128  11:11  Viking  
  128  11:13  Marauder, Ghost Academy  
  128  11:14  Viking  
  126  11:26  Widow Mine  
  126  11:27  Widow Mine  
  126  11:32  Marine x3  
  118  11:41  Viking  
  118  11:44  Viking  
  118  11:52  Marine x2  
  116  11:57  Orbital Command  
  96  12:06  Ghost x2  
  97  12:09  Ghost  
Tags
 
Add a new tag
Caveats
  • Supply blocks, unpowered buildings, or Contaminate may cause inaccurate times.
  • Supply counts are checked every 10 seconds.